 Dungeon Crawl Stone Soup version 0.30-a0-381-g6ea064c7b4 (webtiles) character file.

Game seed: 16763296392901366434

576331 ryw the Convoker (level 25, -11/199 HPs)
             Began as a Demonspawn Summoner on Nov 24, 2022.
             Was a High Priest of Jiyva.
             Mangled by an eldritch tentacle (19 damage)
             ... called by the player character
             ... on level 9 of a ziggurat on Dec 1, 2022.
             The game lasted 07:40:53 (85478 turns).

ryw the Convoker (Demonspawn Summoner)             Turns: 85478, Time: 07:40:54

Health: -11/199    AC: 19    Str: 13    XL:     25   Next: 79%
Magic:  0/42       EV: 41    Int: 25    God:    Jiyva [*****.]
Gold:   5183       SH:  0    Dex: 21    Spells: 4/55 levels left

rFire   . . .      SeeInvis .      - Unarmed
rCold   . . .      Faith    .    (shield currently unavailable)
rNeg    + . .      Spirit   +    (body armour currently unavailable)
rPois   ∞          Reflect  .    (helmet unavailable)
rElec   +          Harm     .    (cloak currently unavailable)
rCorr   +          Rampage  .    (gloves currently unavailable)
Will    ++...                    (boots currently unavailable)
Stlth   ++........               x - amulet of magic regeneration
HPRegen 1.97/turn                N - ring "Opneege" {Wiz Dex+2}
MPRegen 1.41/turn                c - ring of Zeinwots {rN+ Str+4 Slay+3}

@: agile, storm-form, flying, studying 2 skills
A: cleaving, insubstantial, flying, (horns 3), (yellow scales 3), powered by
pain 2, augmentation 2, magic shield, magic regeneration, magic link, agile 1,
strong-willed 1, (translucent skin 3), (tendrils), (jelly absorbing missiles),
no potion heal 1
}: 3/15 runes: barnacled, silver, gossamer
a: Blinkbolt, End Transformation, Renounce Religion, Oozemancy, Slimify


You were on level 9 of a ziggurat.
You worshipped Jiyva.
Jiyva was extremely pleased with you.
You were a lightning-filled tempest!
You visited 11 branches of the dungeon, and saw 47 of its levels.
You visited 1 ziggurat, and saw 9 of its levels.
You also visited: Gauntlet and Volcano.

You collected 22813 gold pieces.
You spent 7747 gold pieces at shops.
You paid 9883 gold pieces to Gozag.

Inventory:

Hand Weapons
 g - a +9 demon trident of draining (melded)
Armour
 e - a +2 pair of boots of rampaging (melded)
 z - a +3 buckler (melded)
 I - a +2 pair of gloves of dexterity (melded)
 R - the +17 plate armour of Trumpets {*Slow Will+ Int+5}
   (You found it on level 1 of the Depths)

   Int:       It affects your intelligence (+5).
   *Slow:     It may slow you when you take damage.
   Will:      It increases your willpower.
 U - the +1 robe of Morengic (melded) {rPois rF+++ rC++ Int-2}
   (You bought it in a shop on level 10 of the Dungeon)

   Int:       It affects your intelligence (-2).
   rF:        It renders you almost immune to fire.
   rC:        It greatly protects you from cold.
   rPois:     It protects you from poison.
 W - a +2 cloak of willpower (melded)
Jewellery
 c - the ring of Zeinwots (right fist) {rN+ Str+4 Slay+3}
   (You took it off an ancient champion on level 3 of the Crypt)

   [ring of positive energy]

   Str:       It affects your strength (+4).
   Slay:      It affects your accuracy & damage with ranged weapons and melee
   (+3).
   rN:        It protects you from negative energy.
 p - a ring of see invisible
 r - the amulet of Pit Udy {Spirit rPois Str+3}
   (You took it off a balrug on level 3 of the Depths)

   [amulet of guardian spirit]

   It causes incoming damage to be divided between your reserves of health and
   magic.
   Str:       It affects your strength (+3).
   rPois:     It protects you from poison.
 v - a +6 ring of dexterity
 w - the ring "Zom Nyagg" {Drain rF+ rN+ Str+2 Stlth+}
   (You took it off a vampire mage on level 3 of the Crypt)

   [ring of positive energy]

   Str:       It affects your strength (+2).
   rF:        It protects you from fire.
   rN:        It protects you from negative energy.
   Drain:     It drains your maximum health when unequipped.
   Stlth:     It makes you more stealthy.
 x - an amulet of magic regeneration (around neck)
 D - the ring "Zedom" {rCorr Int+3 Stlth+}
   (You bought it in a shop on level 9 of the Dungeon)

   [ring of resist corrosion]

   Int:       It affects your intelligence (+3).
   rCorr:     It protects you from acid and corrosion.
   Stlth:     It makes you more stealthy.
 N - the ring "Opneege" (left fist) {Wiz Dex+2}
   (You found it in a Gauntlet)

   [ring of wizardry]

   It improves your spell success rate.
   Dex:       It affects your dexterity (+2).
 Q - a +6 ring of strength
 Y - a ring of flight
Wands
 k - a wand of mindburst (10)
 n - a wand of iceblast (28)
 t - a wand of polymorph (18)
 H - a wand of quicksilver (24)
 T - a wand of paralysis (33)
Scrolls
 d - 8 scrolls of teleportation
 i - 8 scrolls of fear
 y - 4 scrolls of amnesia
 K - 12 scrolls of magic mapping
 L - a scroll of enchant armour
 M - 4 scrolls of blinking
 O - 7 scrolls of butterflies
 S - a scroll of silence
 X - 2 scrolls of summoning
 Z - 7 scrolls of poison
Potions
 a - 5 potions of cancellation
 b - 3 potions of magic
 f - 12 potions of might
 h - 10 potions of attraction
 j - 6 potions of berserk rage
 l - 8 potions of brilliance
 o - 11 potions of curing
 q - 3 potions of resistance
 s - 11 potions of mutation
 u - 11 potions of flight
 B - 10 potions of ambrosia
 C - a potion of invisibility
 E - 10 potions of haste
 F - 5 potions of lignification
Miscellaneous
 A - a tin of tremorstones (2/2)
 P - a lightning rod (4/4)
 V - a phial of floods


   Skills:
 + Level 16.4 Fighting
 - Level 14.0 Polearms
 - Level 10.0 Armour
 + Level 19.0 Dodging
 - Level 1.7 Stealth
 - Level 8.0 Shields
 * Level 9.7 Unarmed Combat
 + Level 15.8 Spellcasting
 - Level 5.0 Hexes
 - Level 19.0 Summonings
 * Level 11.2 Translocations
 + Level 12.4 Transmutations
 + Level 12.1 Air Magic
 - Level 10.0 Earth Magic
 - Level 1.3 Evocations


You had 4 spell levels left.
You knew the following spells:

 Your Spells              Type           Power      Damage    Failure   Level
a - Storm Form            Tmut/Air       34%        N/A       6%          7
b - Wereblood             Tmut           70%        N/A       1%          2
c - Blink                 Tloc           100%       N/A       1%          2
d - Malign Gateway        Summ/Tloc      38%        N/A       1%          7
f - Summon Mana Viper     Hex/Summ       68%        N/A       1%          5
g - Manifold Assault      Tloc           66%        N/A       1%          4
h - Statue Form           Tmut/Erth      44%        N/A       1%          6
i - Summon Hydra          Summ           43%        N/A       1%          7
j - Monstrous Menagerie   Summ           43%        N/A       1%          7
s - Summon Lightning Spi  Summ/Air       78%        N/A       1%          4

Your spell library contained the following spells:

 Spells                   Type           Power      Damage    Failure   Level
 Summon Small Mammal      Summ           100%       N/A       0%          1
 Call Imp                 Summ           86%        N/A       0%          2
 Call Canine Familiar     Summ           86%        N/A       0%          3
 Apportation              Tloc           100%       N/A       1%          1
 Foxfire                  Conj/Fire      76%        2x1d7     1%          1
 Necrotise                Necr           76%        1d7       1%          1
 Slow                     Hex            100%       N/A       1%          1
 Sting                    Tmut/Pois      100%       1d8       1%          1
 Cigotuvi's Dreadful Rot  Necr/Pois/Air  80%        N/A       1%          2
 Ensorcelled Hibernation  Hex/Ice        64%        N/A       1%          2
 Momentum Strike          Conj/Tloc      94%        3d10      1%          2
 Passwall                 Tmut/Erth      55%        N/A       1%          2
 Poisonous Vapours        Pois/Air       100%       N/A       1%          2
 Static Discharge         Conj/Air       100%       2-7/arc   1%          2
 Sublimation of Blood     Necr           19%        N/A       1%          2
 Dazzling Flash           Conj/Hex       64%        N/A       1%          3
 Gell's Gravitas          Tloc           66%        N/A       1%          3
 Ignite Poison            Fire/Tmut/Pois 40%        N/A       1%          3
 Inner Flame              Hex/Fire       32%        N/A       1%          3
 Kindle Blastsparks       Fire/Tloc/Air  100%       2d18      1%          3
 Lesser Beckoning         Tloc           100%       N/A       1%          3
 Mephitic Cloud           Conj/Pois/Air  40%        N/A       1%          3
 Portal Projectile        Hex/Tloc       100%       N/A       1%          3
 Spider Form              Tmut/Pois      50%        N/A       1%          3
 Stone Arrow              Conj/Erth      88%        3d12      1%          3
 Summon Guardian Golem    Hex/Summ       68%        N/A       1%          3
 Swiftness                Air            69%        N/A       1%          3
 Teleport Other           Tloc           66%        N/A       1%          3
 Tukima's Dance           Hex            44%        N/A       1%          3
 Vhi's Electric Charge    Tloc/Air       100%       N/A       1%          3
 Airstrike                Air            34%        2d(5-21)  1%          4
 Animate Armour           Summ/Erth      100%       N/A       1%          4
 Cause Fear               Hex            22%        N/A       1%          4
 Iskenderun's Mystic Bla  Conj/Tloc      47%        2d10      1%          4
 Passage of Golubria      Tloc           66%        N/A       1%          4
 Petrify                  Tmut/Erth      66%        N/A       1%          4
 Summon Ice Beast         Ice/Summ       61%        N/A       1%          4
 Vampiric Draining        Necr           19%        2d7       3%          3
 Anguish                  Hex/Necr       16%        N/A       4%          4
 Fulminant Prism          Conj/Hex       16%        3d11      4%          4
 Animate Dead             Necr           19%        N/A       11%         4
 Dispel Undead            Necr           19%        3d11      11%         4
 Flame Wave               Conj/Fire      19%        2d7       11%         4
 Sticky Flame             Conj/Fire      19%        2d4       11%         4
 Blade Hands              Tmut           35%        N/A       1%          5
 Lee's Rapid Deconstruct  Erth           31%        3d16*     1%          5
 Silence                  Hex/Air        29%        N/A       1%          5
 Yara's Violent Unravell  Hex/Tmut       29%        3d12      1%          5
 Arcjolt                  Conj/Air       25%        1d35      2%          5
 Irradiate                Conj/Tmut      25%        3d20      2%          5
 Lightning Bolt           Conj/Air       25%        1d41      2%          5
 Borgnjor's Vile Clutch   Necr/Erth      22%        N/A       4%          5
 Freezing Cloud           Conj/Ice/Air   20%        6-21      6%          5
 Dragon Form              Tmut           35%        N/A       6%          7
 Conjure Ball Lightning   Conj/Air       25%        3x3d7     14%         6
 Iron Shot                Conj/Erth      22%        9d5       21%         6
 Agony                    Necr           19%        N/A       28%         5
 Fireball                 Conj/Fire      9%         3d6       28%         5
 Dragon's Call            Summ           43%        N/A       41%         9
 Death Channel            Necr           9%         N/A       82%         6
 Starburst                Conj/Fire      9%         6d5       82%         6
 Necromutation            Tmut/Necr      25%        N/A       99%         8
 Borgnjor's Revivificati  Necr           9%         N/A       100%        8
 Ignition                 Fire           9%         3d5       100%        8
 Lehudib's Crystal Spear  Conj/Erth      22%        10d6      100%        8
 Chain Lightning          Conj/Air       25%        3d33      100%        9
 Death's Door             Necr           9%         N/A       100%        9
 Fire Storm               Conj/Fire      9%         8d3       100%        9


Dungeon Overview and Level Annotations

Branches:
Dungeon (15/15)            Temple (1/1) D:4            Lair (5/5) D:8
 Shoals (4/4) Lair:2       Spider (4/4) Lair:3        Slime (0/5) Lair:5
    Orc (2/2) D:10            Elf (3/3) Orc:2        Vaults (5/5) D:13
  Crypt (3/3) Vaults:3       Tomb (1/3) Crypt:3      Depths (4/4) D:15
Volcano (visited)         Gauntlet (visited)
    Zot: Depths:4

Altars:
Cheibriados
Dithmenos
Fedhas
Gozag
Hepliaklqana
Kikubaaqudgha
Makhleb
Nemelex Xobeh
Qazlal
Ru
Trog
Uskayaw
Vehumet
Wu Jian
Yredelemnul
Jiyva

Shops:
D:8 *   D:9 =   D:10 [   D:11 ?   Orc:1 *   Orc:2 *==[*   Elf:1 *   Elf:2 ==:
Elf:3 [   Lair:2 *   Lair:3 *   Shoals:2 :   Spider:2 [   Vaults:2 ?*
Vaults:3 :   Vaults:4 :   Depths:2 =   Depths:3 (((

Portals:
Hell: Depths:1 Depths:2 Depths:3
Abyss: Depths:2 Depths:3
Pandemonium: Depths:2
Trove: Depths:2 (give horn of Geryon)

Annotations:
D:1 1 transporter
D:6 3 runed translucent doors, NinjaNoafa's ghost, novice MiFi
Vaults:2 Mennas


Innate Abilities, Weirdness & Mutations

You are a lightning-filled tempest!
Your electrical attacks strike out in all directions at once.
You are incredibly evasive.
Your insubstantial body is immune to petrification, constriction, and being set on fire You are flying.
You are immune to poison.
Your armour is entirely melded.
You are incapable of wielding weapons or throwing items.
((You have a pair of large horns on your head.))
((You are completely covered in yellow scales. (AC +4, rCorr)))
You sometimes gain power by taking damage.
Your magical and physical power is enhanced at high health.
When hurt, damage is shared between your health and your magic reserves.
You regenerate magic rapidly.
When low on magic, you restore magic in place of health.
You are agile. (Dex +4, Str/Int -1)
You are strong-willed. (Will+)
((Your transparent skin significantly reduces your foes' accuracy. (Stealth+)))
((You are covered in slimy tendrils that may disarm your opponents.))
((You have a small jelly attached to you that may absorb projectiles.))
Potions are less effective at restoring your health.


Message History

Unknown command.
Casting: Blink (safe; 1% risk of failure)
Confirm with . or Enter, or press ? or * to list all spells.
Okay, then.
An external divine halo illuminates you.
You are agile.
You are a lightning-filled tempest!
You are flying.
You are glowing.
You are studying Polearms and Shields.
Your flying speed is average.
Your attack delay is about 0.8.
Your damage rating with unarmed combat is about 60 (Base [33 + 9 (UC)] x 107% (Str) x 127% (Fight) + 3 (Slay)) + Elec.
Your base attributes are Str 10, Int 26, Dex 15.
Unknown command.
Unknown command.
Press: ? - help, v - describe, . - travel
Here: an angel, wielding a +3 sacred scourge of holy wrath and wearing a +0 robe (heavily wounded, extremely poisoned, haloed)
The floor.
Unknown command.
Unknown command.
You hit the angel but do no damage.
The angel is heavily wounded.
The angel completely misses you. The angel hits you but does no damage.
You hit the ophan but do no damage.
The ophan is severely wounded.
You buffet the angel!
The angel gestures.
The angel is healed somewhat.
The eldritch tentacle misses you.
The eldritch tentacle claws you but does no damage.
The angel barely misses you. The angel completely misses you.
You blast the angel!!!
You kill the angel!
You batter the ophan!! Lightning courses through the ophan!!
You kill the ophan!
You batter the eldritch tentacle!! The eldritch tentacle slaps you.
* * * LOW HITPOINT WARNING * * *
The eldritch tentacle freezes you!!
* * * LOW HITPOINT WARNING * * *
The eldritch tentacle completely misses you.
The eldritch tentacle slaps you!
* * * LOW HITPOINT WARNING * * *
You are engulfed in flames!!
You die...

▓▓▓§.§....▓▓▓
▓▓..§§§......▓▓
▓.88.......88.▓
▓▓.88.§§§...88.▓▓
▓..[..§.§..§§§..▓
▓§....§§§..§.§[[▓
▓▓.....)....§§§∩)▓
▓§§§..........)>|.▓
▓▓......).v...)∩$▓▓
▓.......w.......▓
▓....../........▓
▓▓.88.*.....88.▓▓
▓.88.......88.▓
▓▓...........▓▓
▓▓▓.......▓▓▓
▓▓▓▓.▓▓▓▓ ▓▓▓


You could see an eldritch tentacle.

Vanquished Creatures
  A dread lich (Vaults:5)
  2 ancient liches
  A royal mummy (Tomb:1)
  A golden dragon (D:15)
  A pearl dragon (Zig:9)
  A bone dragon (Crypt:3)
  2 tentacled monstrosities
  A searing wretch (Zig:3)
  3 liches
  A deep elf blademaster (Elf:3)
  A titan (Vaults:5)
  A walking divine tome (Depths:3)
  A quicksilver dragon (Vaults:4)
  Gastronok (Lair:2)
  5 sphinxes (Tomb:1)
  An ancient champion (Zig:7)
  Kirke (D:13)
  A shadow dragon (shapeshifter) (Zig:6)
  2 storm dragons (Vaults:5)
  A daeva (Zig:9)
  A tengu reaver (Vaults:5)
  A fire giant (shapeshifter) (Zig:6)
  2 revenants
  2 fenstrider witches (shapeshifter)
  A nagaraja (Zig:8)
  3 fire giants
  6 frost giants
  A deep elf sorcerer (Elf:3)
  3 emperor scorpions
  3 vault wardens
  An iron dragon (Vaults:4)
  3 ghost moths
  A caustic shrike zombie (Depths:3)
  4 ironbound preservers
  2 balrugs
  2 deep elf elementalists (Elf:3)
  An angel (Zig:9)
  A spriggan defender (Depths:3)
  4 vampire knights
  2 war gargoyles (Vaults:4)
  4 ophanim (Zig:9)
  An ironbound thunderhulk (Vaults:3)
  3 very ugly things
  2 stone giants (Depths:3)
  2 deep elf demonologists
  An apis (Zig:9)
  4 dire elephants
  5 spark wasps
  A spectral hellephant (Crypt:2)
  3 deep elf annihilators
  Azrael (Spider:2)
  7 ettins
  3 merfolk javelineers
  2 deep elf death magi
  2 eidola (Zig:7)
  3 merfolk impalers
  2 deep elf high priests
  2 fire dragons
  An entropy weaver (Spider:4)
  A jiangshi (Crypt:3)
  A great orb of eyes (Vaults:1)
  2 spectral elves (Crypt:2)
  3 yaktaur captains
  A mummy priest (Tomb:1)
  4 ice dragons
  A spriggan zombie (Tomb:1)
  A peacekeeper (Vaults:4)
  3 vault guards (Vaults:4)
  3 ogre magi
  2 rakshasas
  2 salamander tyrants (Zig:8)
  A jorogumo (Spider:3)
  2 spriggan air magi
  An ironbound frostheart (Vaults:3)
  A merfolk avatar (Shoals:1)
  5 centaur warriors
  A merfolk aquamancer (Shoals:1)
  8 two-headed ogres
  2 boulder beetles
  A death yak (Lair:5)
  6 tengu warriors
  3 dancing weapons
  An orc high priest (Vaults:3)
  A deep troll earth mage (Depths:3)
  A vampire mage (Crypt:3)
  3 sun demons
  A naga sharpshooter (Zig:8)
  A spriggan berserker (Depths:3)
  A titan zombie (Tomb:1)
  4 deep elf knights
  A storm dragon zombie (Depths:3)
  A fire crab (shapeshifter) (Elf:1)
  2 skeletal warriors (Crypt:1)
  3 large abominations
  3 iron trolls
  A shadow wraith (Crypt:3)
  2 flayed ghosts
  A sixfirhy (D:15)
  A steelbarb worm (Spider:1)
  A pharaoh ant (Spider:3)
  A sun moth (Lair:3)
  A golden dragon zombie (Depths:3)
  8 deep trolls
  2 sea snakes (Shoals:4)
  A glowing orange brain (Vaults:2)
  2 naga ritualists (Zig:8)
  4 harpies
  3 deep elf archers (Elf:2)
  2 ironbound convokers
  4 lindwurms
  4 phantasmal warriors
  4 necromancers
  An orc knight (Volcano)
  8 ugly things
  4 wolf spiders
  A human zombie (Vaults:3)
  An anaconda skeleton (Crypt:3)
  2 fauns
  7 deep elf zephyrmancers
  4 manticores
  An orc sorcerer (Orc:2)
  A mana viper (Zig:8)
  A moth of wrath (Spider:3)
  10 deep elf pyromancers
  A frost giant zombie (Crypt:2)
  2 naga magi (Zig:8)
  2 nameless horrors
  2 apocalypse crabs (Zig:6)
  2 black mambas (Zig:8)
  3 torpor snails
  5 vault sentinels
  3 molten gargoyles
  A hellion (Zig:3)
  A cane toad (Lair:1)
  An orange demon (Depths:1)
  A smoke demon (Zig:2)
  3 unseen horrors
  2 alligator snapping turtle skeletons
  3 komodo dragons
  A demonic crawler (Spider:2)
  A freezing wraith (Crypt:1)
  2 yaktaurs (Vaults:2)
  4 guardian mummies
  An unseen horror skeleton (Crypt:2)
  An efreet (D:14)
  7 merfolk
  2 tengu conjurers (Depths:3)
  A hellwing (D:15)
  2 trolls
  5 tarantellas
  A wind drake (Shoals:3)
  2 meliai (Spider:4)
  A tengu simulacrum (Depths:3)
  A hornet (Depths:3)
  4 blink frogs
  2 snapping turtles
  5 slime creatures
  8 culicivoras
  5 jumping spiders
  A flying skull (Crypt:2)
  An air elemental (Elf:1)
  2 shadows
  8 water elementals
  3 wyverns
  A spriggan (Depths:3)
  2 ushabtiu (Tomb:1)
  5 yaks
  2 hogs (D:13)
  2 wraiths (D:12)
  3 fire elementals
  7 basilisks
  2 neqoxecs (Zig:2)
  A vampire mosquito (D:14)
  8 redbacks
  3 small abominations (Depths:2)
  3 chaos spawn
  4 wargs
  4 water moccasins
  A sky beast (D:8)
  13 orc warriors
  10 ogres (Orc:2)
  A manticore skeleton (Crypt:1)
  9 wolves
  2 centaurs
  3 phantoms (D:5)
  6 bullfrogs
  6 wights
  A killer bee (D:8)
  A howler monkey (D:8)
  A wolf zombie (Crypt:2)
  A jelly (D:7)
  7 orc priests
  A gnoll bouda (D:7)
  3 iguanas
  2 orc wizards
  4 mummies (Tomb:1)
  Robin (D:3)
  5 gnolls
  An adder (D:3)
  An ufetubus (D:6)
  13 orcs
  A ball python (D:3)
  An endoplasm (D:3)
  3 hobgoblins
  A kobold (D:10)
  A quokka (D:2)
  A frilled lizard (D:1)
  2 goblins (D:3)
  A rat (D:3)
537 creatures vanquished.

Vanquished Creatures (collateral kills)
  2 dread liches
  4 ancient liches
  2 juggernauts
  Vv (Crypt:1)
  Xtahua (Vaults:2)
  A curse toe (Crypt:3)
  A golden dragon (Vaults:4)
  Nikola (Spider:1)
  A pearl dragon (Zig:9)
  3 tentacled monstrosities (Vaults:4)
  A doom hound (Crypt:2)
  Jorgrun (Orc:2)
  Rupert (Lair:3)
  2 liches (Vaults:4)
  4 titans
  A deep elf blademaster (Elf:2)
  A quicksilver dragon (Vaults:4)
  An eldritch tentacle (Vaults:4)
  2 krakens
  3 sphinxes
  7 ancient champions
  Agnes (Spider:2)
  3 storm dragons (Vaults:5)
  A shadow dragon (Depths:1)
  5 tengu reavers
  Donald (Crypt:1)
  A revenant (Crypt:2)
  An iron dragon (Vaults:5)
  A nagaraja (Zig:8)
  7 frost giants
  The ghost of qeuew the Demonic Mishap, a journeyman DsFi of Qazlal (Spider:3)
  3 deep elf sorcerers
  5 fire giants
  3 emperor scorpions
  3 deep elf elementalists (Elf:3)
  7 vault wardens
  2 ghouls (Crypt:1)
  A ghost moth (Spider:3)
  2 curse skulls (Crypt:2)
  A cacodemon (D:15)
  An angel (Zig:9)
  A reaper (Crypt:2)
  6 very ugly things
  2 broodmothers
  2 orc warlords
  2 spriggan defenders (Depths:2)
  4 war gargoyles (Vaults:4)
  17 ironbound preservers
  7 ironbound thunderhulks
  10 stone giants
  An ophan (Zig:9)
  5 deep elf demonologists
  2 vampire knights
  A spectral hellephant (Crypt:2)
  6 deep elf annihilators
  11 dire elephants
  2 spark wasps (Depths:1)
  3 eidola (Crypt:3)
  6 deep elf death magi
  A crystal guardian (Vaults:3)
  3 mummy priests (Tomb:1)
  A green death (D:15)
  5 entropy weavers
  Snorg (D:12)
  A merfolk javelineer (Shoals:4)
  6 deep elf high priests (Elf:3)
  2 jiangshi (Crypt:3)
  8 ettins
  4 fire dragons
  A great orb of eyes (Vaults:4)
  2 merfolk impalers
  7 yaktaur captains
  An entropy weaver (shapeshifter) (D:15)
  Harold (Lair:2)
  Josephine (D:12)
  2 hydras
  5 ogre magi
  A quicksilver dragon skeleton (Crypt:1)
  3 rakshasas
  Erica (D:9)
  24 vault guards
  2 ice dragons
  3 peacekeepers
  A spriggan skeleton (Crypt:1)
  2 death knights
  3 radroaches
  9 ironbound frosthearts
  7 boulder beetles
  2 merfolk aquamancers
  3 catoblepae
  14 centaur warriors
  An alligator snapping turtle (Shoals:4)
  A merfolk avatar (Shoals:2)
  A naga warrior (Zig:8)
  A boulder beetle (shapeshifter) (D:14)
  17 two-headed ogres
  2 satyrs (Shoals:4)
  14 dancing weapons
  8 vampire magi
  5 death yaks (Lair:5)
  6 orc high priests
  A spriggan berserker (Depths:1)
  2 tengu warriors
  A deep troll shaman (D:15)
  A sun demon (D:15)
  18 deep elf knights
  2 soul eaters
  2 spriggans
  A deep troll earth mage (D:15)
  6 hell knights
  3 large abominations (Depths:2)
  3 pharaoh ants
  15 skeletal warriors
  A fire crab (Lair:5)
  A shadow wraith (Crypt:3)
  2 sun moths
  3 orb spiders
  An iron giant zombie (Crypt:3)
  8 sea snakes
  57 deep trolls
  A glowing orange brain (Depths:1)
  9 lindwurms
  2 bunyip skeletons (Crypt:1)
  12 deep elf archers
  3 flayed ghosts
  A tengu zombie (Vaults:3)
  An obsidian statue (Depths:1)
  4 steelbarb worms
  8 phantasmal warriors
  17 ironbound convokers
  27 deep elf pyromancers
  5 wizards
  12 harpies
  22 deep elf zephyrmancers
  6 necromancers
  8 orc knights
  9 cyclopes
  13 wolf spiders
  A tengu skeleton (Crypt:1)
  24 ugly things
  14 manticores
  5 fauns
  An iron dragon skeleton (Vaults:3)
  4 salamanders
  A shock serpent zombie (Crypt:3)
  A moth of wrath (Spider:3)
  9 vault sentinels
  A smoke demon (D:15)
  5 molten gargoyles
  10 merfolk sirens
  5 black mambas
  8 torpor snails
  A gargoyle (Volcano)
  3 rust devils (D:15)
  A dire elephant skeleton (Crypt:1)
  Maggie (Lair:1)
  6 komodo dragons
  An unseen horror (Depths:2)
  5 water nymphs
  An elf zombie (Vaults:3)
  6 cane toads
  A rime drake (Lair:3)
  13 demonic crawlers
  4 efreet
  3 freezing wraiths
  4 nameless horrors
  A yaktaur (shapeshifter) (Depths:2)
  A hellwing (D:15)
  A tengu conjurer (Depths:2)
  A white draconian skeleton (Crypt:2)
  3 meliai
  A guardian mummy (Depths:2)
  15 yaktaurs
  A death yak skeleton (Crypt:3)
  2 red devils (Depths:1)
  A polar bear (Lair:2)
  2 hornets
  17 merfolk
  A meliai (shapeshifter) (D:15)
  4 trolls
  Prince Ribbit (D:7)
  14 slime creatures
  10 tarantellas
  7 wind drakes
  2 snapping turtles
  9 blink frogs
  A merfolk zombie (Crypt:1)
  A harpy skeleton (Crypt:1)
  5 dream sheep
  8 culicivoras
  A jumping spider (shapeshifter) (D:15)
  A ynoxinul (Depths:1)
  4 flying skulls
  19 jumping spiders
  14 yaks
  10 water elementals
  2 air elementals
  A shadow (D:8)
  A guardian serpent skeleton (Crypt:2)
  9 wraiths
  4 wyverns
  5 basilisks
  7 fire elementals
  A hog (D:13)
  25 redbacks
  Grum (Lair:1)
  3 chaos spawn (Depths:2)
  2 humans (Vaults:3)
  3 steam dragons
  Menkaure (D:7)
  4 wargs
  2 swamp worms (Gauntlet)
  7 hydra simulacra (Depths:2)
  3 water moccasins
  7 hell hounds
  A faun skeleton (Crypt:1)
  25 orc warriors
  2 black bears (D:4)
  A human zombie (Vaults:3)
  A sky beast (D:7)
  10 boggarts
  13 ogres
  27 wolves
  5 centaurs
  2 dream sheep skeletons
  A phantom (D:6)
  A snapping turtle skeleton (Crypt:1)
  2 kobold brigands
  The ghost of tinescath the Digger, an amateur GrEE (D:3)
  11 bullfrogs
  2 gnoll sergeants
  2 necrophages (Crypt:1)
  4 earth elementals
  A scorpion (D:5)
  10 wights
  8 killer bees
  A troll skeleton (Crypt:2)
  A howler monkey (D:7)
  2 electric eels (Lair:1)
  A small abomination (Depths:2)
  5 lava snakes (Lair:5)
  13 orc priests
  2 gnoll boudas
  Terence (D:3)
  14 orc wizards
  An iguana (D:4)
  5 hell rats (Lair:4)
  10 mummies
  15 gnolls
  7 adders
  An iguana zombie (Crypt:3)
  A worm (D:3)
  A dart slug (D:1)
  66 orcs
  A ball python (D:2)
  2 endoplasms
  2 giant cockroaches
  6 goblins
  3 hobgoblins
  5 kobolds
  2 quokkas
  3 bats (D:2)
  2 rats (D:1)
  A rat zombie (Crypt:3)
  A tentacle (Shoals:1)
1340 creatures vanquished.

Vanquished Creatures (others)
  Bai Suzhen (Shoals:3)
  A golden dragon (Depths:1)
  Frances (D:12)
  A sphinx (Vaults:1)
  29 eldritch tentacles
  2 frost giants
  2 very ugly things (Depths:1)
  A minotaur (Gauntlet)
  A deep elf demonologist (Elf:3)
  A deep elf annihilator (Elf:2)
  2 crystal guardians (Vaults:4)
  An entropy weaver (Spider:4)
  2 merfolk impalers (Shoals:4)
  A glowing orange brain (Vaults:4)
  A hydra (Lair:2)
  2 peacekeepers (Vaults:4)
  3 spriggan air magi
  An ogre mage (Orc:2)
  A two-headed ogre (Orc:2)
  3 boulder beetles
  A deep troll shaman (Depths:1)
  3 death yaks (Lair:5)
  A spriggan berserker (Depths:2)
  3 deep elf knights (Elf:2)
  4 deep trolls
  A steelbarb worm (Spider:1)
  2 harpies
  4 wizards
  A deep elf pyromancer (D:15)
  An orc knight (Orc:2)
  A deep elf zephyrmancer (Elf:2)
  A phantasmal warrior (Vaults:5)
  A wolf spider (shapeshifter) (Depths:3)
  2 wolf spiders (Spider:2)
  A manticore (Shoals:4)
  7 ugly things
  A faun (Shoals:2)
  A faun (shapeshifter) (Vaults:5)
  A moth of wrath (Gauntlet)
  A salamander (shapeshifter) (Vaults:5)
  A torpor snail (Lair:4)
  A water nymph (Shoals:4)
  A torpor snail (shapeshifter) (Vaults:5)
  A vault sentinel (Vaults:4)
  A rime drake (Lair:3)
  A komodo dragon (D:12)
  A yaktaur (D:14)
  3 tengu conjurers
  2 trolls
  4 merfolk
  A hornet (shapeshifter) (D:15)
  A wind drake (shapeshifter) (Vaults:5)
  A snapping turtle (Shoals:1)
  8 slime creatures
  2 dream sheep (Lair:4)
  3 culicivoras
  2 culicivoras (shapeshifter)
  A shadow (D:9)
  A hog (D:13)
  17 yaks
  2 jumping spiders
  A hog (shapeshifter) (D:8)
  4 redbacks
  A chaos spawn (Zig:4)
  A swamp worm (Gauntlet)
  A water moccasin (Lair:5)
  An orc warrior (D:10)
  10 wolves
  5 ogres
  A centaur (D:6)
  A gnoll sergeant (D:6)
  A necrophage (D:8)
  3 wights (D:7)
  3 killer bees (D:9)
  98 jellies
  An orc wizard (D:10)
  A deep dwarf skeleton (Crypt:2)
  4 mummies
  2 gnolls
  2 orcs
  A bush (Shoals:2)
  34 fungi
  139 plants
  23 tentacles
  13 withered plants (Gauntlet)
501 creatures vanquished.

Grand Total: 2378 creatures vanquished

Notes
Turn   | Place    | Note
-------+----------+-------------------------------------------
     0 | D:1      | ryw the Demonspawn Summoner began the quest for the Orb.
     0 | D:1      | Reached XP level 1. HP: 13/13 MP: 3/3
   184 | D:1      | Gained mutation: You are partially covered in yellow
                  | scales. (AC +2) [demonic ancestry]
   184 | D:1      | Reached XP level 2. HP: 20/20 MP: 0/5
   187 | D:1      | Learned a level 2 spell: Call Imp
   892 | D:2      | Reached skill level 1 in Fighting
  1656 | D:2      | You fall into a shaft and drop 1 floor!
  1823 | D:3      | Gained mutation: You have a pair of small horns on your
                  | head. [demonic ancestry]
  1823 | D:3      | Reached XP level 3. HP: 23/26 MP: 0/6
  1827 | D:3      | Learned a level 3 spell: Call Canine Familiar
  1975 | D:3      | Reached XP level 4. HP: 23/32 MP: 1/7
  2049 | D:3      | Noticed Terence
  2101 | D:3      | Killed Terence
  2214 | D:3      | Found a runed translucent door.
  2223 | D:3      | Noticed tinescath's ghost (amateur GrEE)
  2274 | D:3      | Noticed Robin
  2286 | D:3      | Killed Robin
  2366 | D:3      | Killed tinescath's ghost
  2367 | D:3      | Gained mutation: You have a pair of horns on your head.
                  | [demonic ancestry]
  2367 | D:3      | Reached XP level 5. HP: 30/39 MP: 2/9
  3172 | D:4      | Noticed a black bear
  3179 | D:4      | Killed a black bear
  3180 | D:4      | Reached skill level 1 in Polearms
  3180 | D:4      | Reached skill level 5 in Summonings
  3180 | D:4      | Reached XP level 6. HP: 46/46 MP: 4/11
  3268 | D:4      | Learned a level 3 spell: Summon Guardian Golem
  3342 | D:4      | Found a shadowy altar of Dithmenos.
  3540 | D:4      | Found a staircase to the Ecumenical Temple.
  3548 | Temple   | Entered the Ecumenical Temple
  3593 | Temple   | Became a worshipper of Gozag Ym Sagoz the Greedy
  3899 | D:5      | Entered Level 5 of the Dungeon
  4074 | D:5      | Reached skill level 1 in Hexes
  4127 | D:5      | Reached XP level 7. HP: 44/52 MP: 6/12
  4133 | D:5      | Learned a level 4 spell: Summon Lightning Spire
  4465 | D:5      | Reached skill level 1 in Air Magic
  4533 | D:5      | Found a glowing drain.
  5197 | D:6      | Reached XP level 8. HP: 60/60 MP: 7/14
  5424 | D:6      | Found a runed translucent gate.
  5426 | D:6      | Found a runed translucent gate.
  5427 | D:6      | Found a runed translucent gate.
  5967 | D:6      | Noticed NinjaNoafa's ghost (novice MiFi)
  5967 | D:6      | Noticed NinjaNoafa's ghost (novice MiFi)
  6126 | D:7      | Noticed Prince Ribbit
  6146 | D:7      | Killed Prince Ribbit
  6321 | D:7      | Reached XP level 9. HP: 66/66 MP: 10/16
  6371 | D:7      | Found a stormy altar of Qazlal.
  6372 | D:7      | Found an ancient bone altar of Kikubaaqudgha.
  6473 | D:7      | Noticed a boulder beetle
  6506 | D:7      | Reached skill level 5 in Spellcasting
  6776 | D:7      | Reached skill level 5 in Dodging
  6776 | D:7      | Noticed Menkaure
  6778 | D:7      | HP: 3/67 [orc warrior/+0 mace (2)]
  6786 | D:7      | Reached skill level 5 in Fighting
  7187 | D:7      | Killed Menkaure
  7838 | D:8      | Found a hide-covered altar of Uskayaw.
  8378 | D:7      | Killed a boulder beetle
  8379 | D:7      | Reached skill level 5 in Hexes
  8379 | D:7      | Reached XP level 10. HP: 76/76 MP: 12/18
  8797 | D:8      | Noticed a brown ugly thing
  8808 | D:8      | Killed a brown ugly thing
  8836 | D:8      | Noticed a two-headed ogre
  8844 | D:8      | Noticed a boulder beetle
  8851 | D:8      | Killed a two-headed ogre
  8852 | D:8      | Reached skill level 5 in Air Magic
  8881 | D:8      | Noticed a centaur warrior
  8903 | D:8      | Killed a centaur warrior
  9301 | D:8      | Found a staircase to the Lair.
  9529 | D:8      | Noticed a two-headed ogre
  9548 | D:8      | Killed a two-headed ogre
  9549 | D:8      | Reached XP level 11. HP: 73/84 MP: 6/21
 10130 | D:8      | Found a bloodstained altar of Trog.
 10312 | D:8      | Killed a boulder beetle
 10631 | D:8      | Found Jufiphul's Mass Market.
 11106 | D:9      | Noticed a two-headed ogre
 11117 | D:9      | Killed a two-headed ogre
 11184 | D:9      | Reached skill level 1 in Shields
 11294 | D:9      | Found a snail-covered altar of Cheibriados.
 11566 | D:9      | Bought the ring "Zedom" {rCorr Int+3 Stlth+} for 397 gold
                  | pieces
 11985 | D:9      | Noticed Erica
 12005 | Lair:1   | Entered Level 1 of the Lair of Beasts
 12409 | Lair:1   | Noticed Maggie
 12424 | Lair:1   | Killed Maggie
 13177 | Lair:1   | Noticed Grum
 13191 | Lair:1   | Killed Grum
 13689 | Lair:2   | Gained mutation: You regenerate magic rapidly. [demonic
                  | ancestry]
 13689 | Lair:2   | Reached XP level 12. HP: 94/94 MP: 14/24
 13711 | Lair:2   | Noticed Gastronok
 13745 | Lair:2   | Killed Gastronok
 13890 | Lair:2   | Found a dark tunnel.
 13921 | Volcano  | Entered a volcano
 14277 | Volcano  | Reached skill level 5 in Polearms
 14277 | Volcano  | Reached skill level 10 in Summonings
 15331 | Volcano  | Noticed an orb of fire
 15568 | Volcano  | Noticed an orb of fire
 15984 | Lair:2   | Bought a sheer robe for 171 gold pieces
 15984 | Lair:2   | Identified the +1 robe of Skepticism {+Blink rElec} (You
                  | bought it in a shop on level 2 of the Lair of Beasts)
 16109 | Lair:2   | Noticed Harold
 16113 | Lair:2   | Found a staircase to the Shoals.
 16118 | Lair:2   | Noticed a five-headed hydra
 16119 | Lair:2   | Killed Harold
 16120 | Lair:2   | Reached skill level 5 in Shields
 16121 | Lair:2   | Killed a five-headed hydra
 16122 | Lair:2   | Reached skill level 1 in Evocations
 16347 | Lair:2   | Learned a level 2 spell: Blink
 16869 | Lair:3   | Gained mutation: You are mostly covered in yellow scales.
                  | (AC +3) [demonic ancestry]
 16869 | Lair:3   | Reached XP level 13. HP: 103/103 MP: 23/26
 16877 | Lair:3   | Reached skill level 1 in Translocations
 16916 | Lair:3   | Reached skill level 10 in Fighting
 17337 | Lair:3   | Found a hole to the Spider Nest.
 17740 | Lair:3   | Bought a scroll of enchant armour for 225 gold pieces
 18169 | Lair:4   | Found a hide-covered altar of Uskayaw.
 18169 | Lair:4   | Found an ornate altar of the Wu Jian Council.
 18630 | Lair:5   | Entered Level 5 of the Lair of Beasts
 18844 | Lair:5   | Identified the +2 scale mail "Meonupt" {rElec Dex+3 Slay-2}
 19324 | Lair:5   | Reached skill level 10 in Dodging
 19724 | Lair:5   | Reached skill level 10 in Spellcasting
 19861 | Lair:5   | Found a staircase to the Slime Pits.
 19862 | Lair:5   | Found a viscous altar of Jiyva.
 19948 | Lair:5   | Gained mutation: When hurt, damage is shared between your
                  | health and your magic reserves. [demonic ancestry]
 19948 | Lair:5   | Reached XP level 14. HP: 32/111 MP: 26/28
 20607 | Lair:5   | Found a large runed translucent door.
 20607 | Lair:5   | Found a large runed translucent door.
 21291 | D:9      | Killed Erica
 21671 | D:10     | Entered Level 10 of the Dungeon
 22377 | D:10     | Found a staircase to the Orcish Mines.
 22379 | D:10     | Bought a sheer robe for 176 gold pieces
 22379 | D:10     | Identified the +1 robe of Morengic {rPois rF+++ rC++ Int-2}
                  | (You bought it in a shop on level 10 of the Dungeon)
 22379 | D:10     | Bought a runed scarf for 248 gold pieces
 22389 | D:10     | Bought an embroidered cloak for 232 gold pieces
 22414 | Orc:1    | Entered Level 1 of the Orcish Mines
 22439 | Orc:1    | Noticed an orc warlord
 22559 | D:10     | Gained mutation: You are agile. (Dex +4, Str/Int -1)
                  | [potion of mutation]
 22559 | D:10     | Gained mutation: You are covered in fur. (AC +1) [potion of
                  | mutation]
 22616 | D:10     | Killed an orc warlord
 23195 | Orc:1    | Found Daicsu's General Store.
 23207 | Orc:1    | Bought a book of Weapons for 448 gold pieces
 23211 | Orc:1    | Learned a level 3 spell: Tukima's Dance
 23335 | Orc:2    | Entered Level 2 of the Orcish Mines
 23666 | Orc:2    | Found a staircase to the Elven Halls.
 23670 | Orc:2    | Reached skill level 5 in Translocations
 23789 | Orc:2    | Found Poh Jeha's Assorted Antiques.
 23832 | Orc:2    | Bought a potion of curing for 69 gold pieces
 23832 | Orc:2    | Bought a potion of curing for 69 gold pieces
 23993 | Orc:2    | Noticed Jorgrun
 24035 | Orc:2    | Killed Jorgrun
 24049 | Orc:2    | Gained mutation: When low on magic, you restore magic in
                  | place of health. [demonic ancestry]
 24049 | Orc:2    | Reached XP level 15. HP: 120/120 MP: 5/29
 24187 | Orc:2    | Found Seubropy's Jewellery Shop.
 24187 | Orc:2    | Found Esuyr's Assorted Antiques.
 24187 | Orc:2    | Found Ygaucras's Jewellery Emporium.
 24187 | Orc:2    | Found Tuaqiwaj's Armour Shop.
 24423 | D:11     | Bought a scroll of enchant armour for 142 gold pieces
 24511 | Orc:2    | Bought an amulet of magic regeneration for 510 gold pieces
 25825 | D:10     | Found a blossoming altar of Fedhas.
 26247 | D:12     | Noticed Josephine
 26259 | D:12     | Killed Josephine
 26377 | D:12     | Noticed Frances
 26393 | D:12     | Killed Frances
 26612 | D:12     | Noticed Snorg
 26654 | D:12     | Killed Snorg
 26937 | D:13     | Found a gate leading to a gauntlet.
 26945 | Gauntlet | Entered a Gauntlet
 26945 | Gauntlet | Found a transporter.
 26945 | Gauntlet | Found a transporter.
 26949 | Gauntlet | Found a transporter.
 26953 | Gauntlet | Found a transporter.
 26955 | Gauntlet | Found a transporter.
 27012 | Gauntlet | Found a transporter.
 27060 | Gauntlet | Identified the ring "Opneege" {Wiz Dex+2}
 27071 | Gauntlet | Found a transporter.
 27075 | Gauntlet | Found a transporter.
 27210 | Gauntlet | Found a transporter.
 27408 | Gauntlet | Found a transporter.
 27409 | Gauntlet | Found a transporter.
 27476 | Gauntlet | Found a transporter.
 27577 | Gauntlet | Identified the +1 scale mail of Gravity {*Corrode Fly
                  | Regen+}
 27591 | D:13     | Identified the +2 falchion "Tesch" {vorpal, *Slow rPois
                  | Str+9 Dex+3}
 27644 | D:13     | Noticed Kirke
 27670 | D:13     | Killed Kirke
 27873 | D:13     | Found a gate to the Vaults.
 28444 | D:14     | Reached skill level 10 in Polearms
 28732 | D:14     | Noticed a tengu reaver
 28754 | D:14     | Killed a tengu reaver
 28993 | D:14     | Reached XP level 16. HP: 47/126 MP: 15/30
 29943 | D:14     | Got the Lessons on the Chthonic Spider
 29951 | D:14     | Learned a level 6 spell: Statue Form
 29962 | D:14     | Identified the +15 plate armour of Cynicism {rElec rF+ rC+
                  | rCorr}
 30044 | D:15     | Entered Level 15 of the Dungeon
 30234 | D:15     | Found an ancient bone altar of Kikubaaqudgha.
 30323 | D:15     | Reached skill level 1 in Transmutations
 30323 | D:15     | Reached skill level 1 in Earth Magic
 30552 | D:15     | Found a staircase to the Depths.
 31436 | Shoals:1 | Entered Level 1 of the Shoals
 32437 | Shoals:1 | Noticed a kraken
 32457 | Shoals:1 | Killed a kraken
 32699 | Shoals:2 | Bought a manual of Summonings for 960 gold pieces
 33522 | Shoals:2 | Identified a scroll of acquirement
 33535 | Shoals:2 | Acquired a +1 demon trident of draining
 33747 | Shoals:2 | Bought the Tractate on Productive Wanderlust for 432 gold
                  | pieces
 33757 | Shoals:2 | Learned a level 5 spell: Summon Mana Viper
 34470 | Shoals:3 | Noticed Bai Suzhen
 34577 | Shoals:3 | Killed Bai Suzhen
 34839 | Shoals:4 | Entered Level 4 of the Shoals
 35241 | Shoals:4 | Reached skill level 5 in Transmutations
 35350 | Shoals:4 | Reached skill level 5 in Earth Magic
 35428 | Shoals:4 | Gained mutation: You sometimes gain a little power by
                  | taking damage. [demonic ancestry]
 35428 | Shoals:4 | Reached XP level 17. HP: 84/137 MP: 25/31
 36701 | Shoals:4 | Got a barnacled rune of Zot
 37313 | Shoals:4 | Noticed a kraken
 37488 | Shoals:4 | Killed a kraken
 37782 | Elf:1    | Entered Level 1 of the Elven Halls
 38588 | Elf:1    | Paralysed by an air elemental for 1 turns
 38667 | Elf:1    | Found Rasudy's Assorted Antiques.
 38697 | Elf:1    | Bought a pair of embroidered gloves for 277 gold pieces
 39253 | Elf:1    | Paralysed by an air elemental for 1 turns
 39274 | Elf:1    | Paralysed by an air elemental for 1 turns
 39277 | Elf:1    | Paralysed by an air elemental for 1 turns
 39427 | Elf:1    | Found a radiant altar of Vehumet.
 40077 | Elf:2    | Paralysed by an air elemental for 1 turns
 40083 | Elf:2    | Paralysed by an air elemental for 1 turns
 40086 | Elf:2    | Paralysed by an air elemental for 1 turns
 40187 | Elf:2    | Found Ixoresej's Book Shop.
 40187 | Elf:2    | Found Mafel's Jewellery Shoppe.
 40188 | Elf:2    | Found Riazaim's Jewellery Shoppe.
 40207 | Elf:2    | Bought a book of Blood for 476 gold pieces
 40215 | Elf:2    | Learned a level 7 spell: Summon Hydra
 42051 | Elf:2    | Found a huge runed translucent gate.
 42051 | Elf:2    | Found a huge runed translucent gate.
 42051 | Elf:2    | Found a huge runed translucent gate.
 42053 | Elf:2    | Found a huge runed translucent gate.
 42054 | Elf:2    | Found a huge runed translucent gate.
 42144 | Elf:2    | Reached skill level 15 in Summonings
 42144 | Elf:2    | Reached XP level 18. HP: 102/146 MP: 28/32
 43790 | Elf:3    | Entered Level 3 of the Elven Halls
 44127 | Elf:3    | Found John Lambton's Dragon-Slaying Spoils.
 44134 | Elf:3    | Bought quicksilver dragon scales for 1080 gold pieces
 44777 | Elf:3    | Identified the +1 halberd of Ecauk {drain, SInv}
 44805 | Elf:3    | Reached skill level 1 in Armour
 45319 | Elf:3    | Noticed an Ice Fiend
 45334 | Elf:3    | Noticed a Tzitzimitl
 45956 | Elf:3    | Identified the +10 dire flail "Ruev Tiud" {venom, rElec rF-
                  | rN+ Dex+6}
 47146 | Elf:3    | Acquired 961 gold pieces
 47266 | Elf:3    | Identified the +6 arbalest of the Globe {elec, rF+ rN++}
 47982 | Spider:1 | Entered Level 1 of the Spider Nest
 47982 | Spider:1 | Noticed Rupert
 48195 | Lair:3   | Killed Rupert
 49280 | Spider:1 | Reached XP level 19. HP: 132/153 MP: 23/33
 49362 | Spider:1 | Noticed Nikola
 49368 | Spider:1 | Killed Nikola
 49803 | Spider:1 | Got the Anthology of Conduction
 50552 | Spider:2 | Noticed Agnes
 50571 | Spider:2 | Killed Agnes
 50604 | Spider:2 | Identified the +7 arbalest "Nix Mios" {freeze, Int+4 Dex-3}
 50774 | Spider:2 | Noticed Azrael
 50904 | Spider:2 | Killed Azrael
 51987 | Spider:3 | Found a runed translucent door.
 51988 | Spider:3 | Noticed qeuew's ghost (journeyman DsFi)
 52856 | Spider:3 | Reached skill level 15 in Fighting
 53121 | Spider:3 | Killed qeuew's ghost
 53163 | Spider:4 | Entered Level 4 of the Spider Nest
 54669 | Spider:4 | Got a gossamer rune of Zot
 54842 | Spider:4 | Reached skill level 5 in Armour
 55303 | Spider:4 | Lost strength.
 55938 | Depths:1 | Entered Level 1 of the Depths
 55963 | Depths:1 | Noticed a juggernaut
 55973 | Depths:1 | Killed a juggernaut
 56131 | Depths:1 | Noticed a golden dragon
 57160 | D:15     | Paralysed by something for 4 turns
 57261 | D:15     | Killed a golden dragon
 57351 | D:15     | Reached skill level 10 in Transmutations
 57379 | D:15     | Reached skill level 10 in Earth Magic
 57863 | Depths:1 | Gained mutation: You have a pair of large horns on your
                  | head. [demonic ancestry]
 57863 | Depths:1 | Reached XP level 20. HP: 36/162 MP: 8/35
 59220 | Depths:1 | Found a gateway to Hell.
 59265 | Depths:1 | Identified the +10 plate armour of Tulips {+Inv rPois
                  | Stlth+}
 60394 | Depths:1 | Reached skill level 15 in Dodging
 60482 | Depths:1 | Identified the +17 plate armour of Trumpets {*Slow Will+
                  | Int+5}
 60503 | Depths:1 | Noticed a golden dragon
 60521 | Depths:1 | Killed a golden dragon
 60905 | Depths:1 | Identified the +5 trident of the Conjuring Whale {pain,
                  | Stlth+}
 60968 | Depths:1 | Upgraded the game from 0.30-a0-373-gd37427bb62 to
                  | 0.30-a0-377-g5cb311bc9f
 63233 | Depths:2 | Found a portal to a secret trove of treasure.
 63293 | Depths:2 | Found Weabi's One-of-a-Kind Rings.
 64308 | Depths:2 | Found a one-way gate to the infinite horrors of the Abyss.
 64521 | Depths:2 | Found a one-way gate leading to the halls of Pandemonium.
 64841 | Depths:2 | Noticed a juggernaut
 64852 | Depths:2 | Killed a juggernaut
 64894 | Depths:2 | Identified the +3 mace of Anger {protect, Dex+3}
 65166 | Vaults:1 | Entered Level 1 of the Vaults
 65647 | Vaults:1 | Gained mutation: You sometimes gain power by taking damage.
                  | [demonic ancestry]
 65647 | Vaults:1 | Reached XP level 21. HP: 168/168 MP: 22/38
 67846 | Vaults:2 | Noticed Xtahua
 67868 | Vaults:2 | Killed Xtahua
 68509 | Vaults:2 | Found Solepuel's Magic Scroll Shoppe.
 69365 | Vaults:3 | Reached skill level 10 in Armour
 69484 | Vaults:3 | Bought Xevaowke's Atlas of Spatial Blasting for 544 gold
                  | pieces
 69489 | Vaults:3 | Learned a level 4 spell: Manifold Assault
 70723 | Vaults:3 | Gained mutation: Your magical and physical power is
                  | slightly enhanced at high health. [demonic ancestry]
 70723 | Vaults:3 | Reached XP level 22. HP: 175/175 MP: 20/40
 70878 | Vaults:3 | Noticed Mennas
 71222 | Vaults:2 | Bought a pair of embroidered boots for 255 gold pieces
 71589 | Vaults:3 | Identified the +2 robe of Xaocwagh {Str+9}
 71684 | Vaults:3 | Reached skill level 15 in Spellcasting
 71801 | Vaults:3 | Found a staircase to the Crypt.
 72274 | Vaults:4 | Learned a level 7 spell: Storm Form
 72277 | Vaults:4 | Learned a level 2 spell: Wereblood
 72817 | Lair:5   | Fell from the grace of Gozag
 72817 | Lair:5   | Became a worshipper of Jiyva Juofel the Shapeless
 73336 | Vaults:4 | Reached skill level 1 in Unarmed Combat
 73452 | Vaults:4 | Identified the +2 scale mail of Dim Light {rCorr}
 73485 | Vaults:4 | Found Dufogy's Book Emporium.
 73494 | Vaults:4 | Bought a book of Beasts for 532 gold pieces
 73503 | Vaults:4 | Learned a level 7 spell: Monstrous Menagerie
 73504 | Vaults:4 | Bought the Atlas of Hiemal Displacement for 504 gold pieces
 73522 | Vaults:4 | Learned a level 7 spell: Malign Gateway
 74049 | Vaults:4 | Identified the +1 robe "Boaf" {rN+}
 74224 | Vaults:4 | Reached * piety under Jiyva
 74746 | Vaults:5 | Entered Level 5 of the Vaults
 74810 | Vaults:4 | Reached skill level 10 in Air Magic
 74910 | Vaults:5 | Noticed a golden dragon
 75104 | Vaults:5 | Noticed a dread lich
 75247 | Vaults:4 | Killed a golden dragon
 75375 | Vaults:4 | Paralysed by something for 2 turns
 75414 | Vaults:4 | Killed a dread lich
 75712 | Vaults:4 | Gained mutation: You are completely covered in yellow
                  | scales. (AC +4, rCorr) [demonic ancestry]
 75712 | Vaults:4 | Reached XP level 23. HP: 99/181 MP: 23/42
 75782 | Vaults:5 | Noticed an ancient lich
 75953 | Vaults:4 | Gained mutation: You sometimes lose your temper in combat.
                  | [mutagenic glow]
 76227 | Vaults:4 | Killed an ancient lich
 76277 | Vaults:5 | Noticed an ancient lich
 76586 | Vaults:5 | Identified the +8 quarterstaff of the Sea {freeze, rN+}
 76589 | Vaults:5 | Killed an ancient lich
 76612 | Vaults:5 | Reached skill level 5 in Unarmed Combat
 76733 | Vaults:4 | Upgraded the game from 0.30-a0-377-g5cb311bc9f to
                  | 0.30-a0-381-g6ea064c7b4
 76933 | Vaults:5 | Noticed a dread lich
 76958 | Vaults:5 | Killed a dread lich
 77018 | Vaults:5 | Reached ** piety under Jiyva
 77238 | Vaults:5 | Got the Octavo of Enchantment and the Pyromaniac
 77309 | Vaults:5 | Got a silver rune of Zot
 77572 | Vaults:5 | Noticed a dread lich
 77588 | Vaults:5 | Killed a dread lich
 78386 | Crypt:1  | Entered Level 1 of the Crypt
 78416 | Crypt:1  | Reached *** piety under Jiyva
 78975 | Crypt:1  | Noticed Vv
 78992 | Crypt:1  | Killed Vv
 79402 | Crypt:1  | Noticed Donald
 79427 | Crypt:1  | Killed Donald
 79690 | Crypt:1  | Lost mutation: You sometimes lose your temper in combat.
                  | [Jiyva's grace]
 79690 | Crypt:1  | Lost mutation: You are covered in fur. (AC +1) [Jiyva's
                  | grace]
 79690 | Crypt:1  | Gained mutation: You are covered in slimy tendrils that may
                  | disarm your opponents. [Jiyva's grace]
 79690 | Crypt:1  | Gained mutation: You are strong-willed. (Will+) [Jiyva's
                  | grace]
 79690 | Crypt:1  | Gained mutation: You are highly strong-willed. (Will++)
                  | [Jiyva's grace]
 79690 | Crypt:1  | Gained mutation: You are extremely strong-willed. (Will+++)
                  | [Jiyva's grace]
 80289 | Crypt:2  | Identified the +2 quarterstaff of Tohalya {vorpal, Fragile
                  | rC+++ SInv Stlth+}
 80385 | Crypt:2  | Identified the +1 chain mail "Zufaxt" {Dex+6 Stlth-}
 80967 | Crypt:3  | Entered Level 3 of the Crypt
 81096 | Crypt:3  | Reached **** piety under Jiyva
 81445 | Crypt:3  | Noticed a curse toe
 81505 | Crypt:3  | Killed a curse toe
 81638 | Crypt:3  | Identified the ring of Zeinwots {rN+ Str+4 Slay+3}
 82038 | Crypt:3  | Identified the ring "Zom Nyagg" {Drain rF+ rN+ Str+2
                  | Stlth+}
 82049 | Crypt:3  | Acquired 516 gold pieces
 82062 | Crypt:3  | Gained mutation: Your magical and physical power is
                  | enhanced at high health. [demonic ancestry]
 82062 | Crypt:3  | Reached XP level 24. HP: 146/176 MP: 26/42
 82370 | Crypt:3  | Noticed an ancient lich
 82370 | Crypt:3  | Noticed an ancient lich
 82370 | Crypt:3  | Noticed an ancient lich
 82370 | Crypt:3  | Noticed an ancient lich
 82376 | Crypt:3  | Identified the ring of Ana Tekk {rN+ Str+3 Int-3 Dex+8}
 82380 | Crypt:3  | Got the Compilation of the Storm
 82468 | Crypt:3  | Killed an ancient lich
 82469 | Crypt:3  | Killed an ancient lich
 82473 | Crypt:3  | Killed an ancient lich
 82474 | Crypt:3  | Killed an ancient lich
 82606 | Crypt:3  | Found a staircase to the Tomb.
 82686 | Tomb:1   | Entered Level 1 of the Tomb of the Ancients
 82908 | Tomb:1   | Was forgiven by Gozag
 82955 | Tomb:1   | Reached skill level 10 in Translocations
 83027 | Tomb:1   | Noticed a royal mummy
 83040 | Tomb:1   | Killed a royal mummy
 83045 | Tomb:1   | Noticed a royal mummy
 83238 | Tomb:1   | Reached ***** piety under Jiyva
 83249 | Tomb:1   | Lost mutation: You are extremely strong-willed. (Will+++)
                  | [Jiyva's grace]
 83249 | Tomb:1   | Lost mutation: You are highly strong-willed. (Will++)
                  | [Jiyva's grace]
 83249 | Tomb:1   | Gained mutation: You have a small jelly attached to you
                  | that may absorb projectiles. [Jiyva's grace]
 83249 | Tomb:1   | Gained mutation: Your translucent skin slightly reduces
                  | your foes' accuracy. (Stealth+) [Jiyva's grace]
 83249 | Tomb:1   | Gained mutation: Your translucent skin reduces your foes'
                  | accuracy. (Stealth+) [Jiyva's grace]
 83249 | Tomb:1   | Gained mutation: Your transparent skin significantly
                  | reduces your foes' accuracy. (Stealth+) [Jiyva's grace]
 83989 | Depths:3 | Found Negaust's Weapon Shop.
 83999 | Depths:3 | Found Urum's Antique Weapon Boutique.
 84000 | Depths:3 | Found Adatoexa's Antique Weapon Shop.
 84483 | Depths:3 | Identified the amulet of Pit Udy {Spirit rPois Str+3}
 84499 | Depths:3 | Identified the +1 flail "Cofelaqa" {venom, Will+}
 84844 | Depths:3 | Identified the +4 scale mail "Lefayst" {rPois Int+2 Dex+4}
 84987 | Depths:4 | Entered Level 4 of the Depths
 85078 | Depths:4 | Found a one-way gateway to a ziggurat.
 85089 | Zig:1    | Entered Level 1 of a ziggurat
 85105 | Zig:2    | Entered Level 2 of a ziggurat
 85107 | Zig:2    | Gained mutation: Potions are less effective at restoring
                  | your health. [a neqoxec]
 85127 | Zig:3    | Entered Level 3 of a ziggurat
 85160 | Zig:4    | Entered Level 4 of a ziggurat
 85180 | Zig:5    | Entered Level 5 of a ziggurat
 85203 | Zig:5    | Identified the +8 arbalest of Calamity {flame, Str+5}
 85209 | Zig:6    | Entered Level 6 of a ziggurat
 85238 | Zig:6    | Got the Omnibus of the Zephyr and Ignition
 85248 | Zig:7    | Entered Level 7 of a ziggurat
 85290 | Zig:7    | Reached XP level 25. HP: 167/197 MP: 42/42
 85305 | Zig:8    | Entered Level 8 of a ziggurat
 85399 | Zig:8    | Identified the +1 scale mail "Onipp" {Int+3}
 85429 | Zig:9    | Entered Level 9 of a ziggurat
 85478 | Zig:9    | HP: 8/199 [eldritch tentacle[the player character] (7)]
 85478 | Zig:9    | Mangled by an eldritch tentacle

Illustrated notes

Levels and vault maps discovered:
D:1:      spicycebolla_arrival_risky_transporter, layout_rooms,
          hangedman_decor_peaks_small
D:2:      layout_loops_corners
D:3:      layout_loops_ring, ebering_ghost_reflecting_pool, uniq_robin,
          uniq_terence
D:4:      layout_loops_ring, mainiacjoe_overflow_alcove_2,
          minmay_temple_entry_crystal_x
D:5:      layout_rooms, gup_sewer_entry_glass, minivault_23
D:6:      layout_cave_pools, gammafunk_ghost_cemetery
D:7:      layout_basic, chequers_temple_overflow_statue_of_worship,
          grunt_ministairs_1, kb_rosetta, uniq_prince_ribbit1, uniq_menkaure
D:8:      minmay_the_grid_plus_closed [minmay_the_grid_outer_circle,
          minmay_the_grid_doors, minmay_the_grid_rooms, minmay_the_grid_box_x,
          minmay_the_grid_prize_four_corners], layout_gridville,
          mainiacjoe_overflow_six_doors_small, mainiacjoe_overflow_alcove_1,
          lair_entry_dummy, chequers_serial_rivers_micro_b, minmay_shop_mass
D:9:      layout_basic, slow_altar_1, uniq_erica
D:10:     minmay_slanted_spiral_squares, layout_cross, fedhas_altar_2,
          david_orc_4
D:11:     layout_cave_pools
D:12:     layout_loops_ring, uniq_josephine, uniq_snorg, uniq_frances
D:13:     layout_cave_pools, david_vaults_2, gauntlet_entry_generic,
          grunt_decor_arrowhead, uniq_kirke
D:14:     evilmike_diamond_2, layout_irregular_city, minmay_misc_feat_ornament
D:15:     hangedman_depths_entry_civil_slaughter, layout_loops_ring,
          kiku_gazebo_pond_becter
Temple:   bh_familiar_temple
Lair:1:   layout_regular_city, minmay_holes, serial_bayou_shore_a, uniq_grum,
          uniq_maggie
Lair:2:   layout_hall_layers, elwin_shoals_entry_rocks,
          nicolae_volcano_entry_hallway, hibernation_bobbens, uniq_harold,
          uniq_gastronok
Lair:3:   layout_chaotic_city, nicolae_spider_entry_orb_guardian,
          serial_bayou_shore_b, lemuel_fruit_tree
Lair:4:   layout_loops_ring, nzn_masters_of_martial_movement
Lair:5:   cheibrodos_lair_end_hotspot, layout_cave_shapes, slime_entry_1
Shoals:1: dreamdust_from_the_deep, layout_shoals
Shoals:2: argonaut_golden_fleece, layout_shoals
Shoals:3: layout_shoals, uniq_bai_suzhen
Shoals:4: shoals_end_grunt_ice, layout_shoals, nicolae_shoals_shepherds
Spider:1: layout_spider_delve, uniq_rupert, uniq_nikola
Spider:2: nicolae_spider_mines_3, nicolae_crawler_farm,
          hangedman_spider_tarantella_strand, uniq_agnes, uniq_azrael
Spider:3: layout_spider_delve, ebering_ghost_inner_flame,
          nicolae_spider_scorpion_nest
Spider:4: hellmonk_spider_rune_bug_friends
Orc:1:    layout_diamond_mine, serial_shops, shop_statue, kennysheep_orc_chapel
Orc:2:    st_orc_ogre_mass, layout_diamond_mine, serial_shops,
          nicolae_shop_overgrown_old_shop, uniq_jorgrun
Elf:1:    eino_elf_arrival_customs, layout_loops_cross, serial_shops,
          nicolae_shop_waterfront, basic_altar, hangedman_elf_represent
Elf:2:    elven_hall_of_blades_hangedman_alternative
          [nicolae_blade_entry_floor_patterns], layout_gridlike,
          grunt_megastairs_5, minmay_shop_grove
Elf:3:    minmay_elf_hall_curves, layout_loops_cross, mu_enter_wizlab_2,
          nicolae_shop_dragon_depot, minmay_misc_feat_diagonals,
          lemuel_flame_loot_1
Vaults:1: nicolae_vaults_stairing_the_circle, vaults_mumra_minichess_inversion,
          vaults_dpeg_emergency_exit, nicolae_vaults_theta,
          ontoclasm_vaults_gateway, vaults_mumra_lcd, vaults_room_pools,
          serial_ice_b, layout_vaults_omnigrid
Vaults:2: v_alt_pattern_4, st_octagons_2, v_alt_pattern_4,
          vaults_room_large_hall, v_misc_10, hangedman_vaults_cutoff,
          vaults_room_door_hall, ontoclasm_vaults_eye, layout_vaults_big_room,
          serial_shops, shop, uniq_xtahua
Vaults:3: vaults_mumra_minichess, minmay_crypt_entry_simple_sparse,
          grunt_vaults_swirl, special_room_vaults [special_room_orc],
          hangedman_vaults_slice, v_pattern_5, ontoclasm_vaults_ring_square,
          v_misc_8, vaults_room_pools, v_rooms_5, dpeg_vaults_monster_box,
          layout_vaults_big_cross, serial_shops, bzr_entry_customers,
          uniq_mennas
Vaults:4: portal_desolation_entry_nicolae_slug, v_misc_22, v_pattern_3,
          v_misc_11, hangedman_vaults_hat, v_misc_23,
          nicolae_vaults_network_quinsquares
          [nicolae_vaults_network_quincunx_subvault,
          nicolae_vaults_network_quincunx_subvault,
          nicolae_vaults_network_quincunx_subvault,
          nicolae_vaults_network_quincunx_subvault], st_cells,
          ontoclasm_vaults_fault, hangedman_vaults_stagger,
          nicolae_vaults_network_quincunx
          [nicolae_vaults_network_quincunx_subvault,
          nicolae_vaults_network_quincunx_subvault,
          nicolae_vaults_network_quincunx_subvault,
          nicolae_vaults_network_quincunx_subvault,
          nicolae_vaults_network_quincunx_subvault], vaults_room_semicircle,
          grunt_vaults_focal, grunt_vaults_bifocal, vaults_room_pools,
          layout_vaults_maze, serial_shops, shop
Vaults:5: serial_shops
Crypt:1:  layout_catacombs, grunt_megastairs_1, uniq_donald, uniq_vv
Crypt:2:  layout_misc_corridors, beargit_elvish_explorers, uniq_margery
Crypt:3:  david_glass_crypt, layout_misc_corridors,
          nicolae_tomb_entry_unfolded_pyramid_orthogonal, hex_tiny
Tomb:1
Depths:1: minmay_swirls_squares, layout_basic, skrybe_limestone_x, hell_entry,
          hangedman_devilish_allure
Depths:2: cheibrodos_hall_of_evolution, layout_basic, minmay_room_of_horrors,
          serial_sigils_hangedman_scar, pan_entry,
          nicolae_trove_entry_path_of_doom, hell_entry,
          nicolae_shop_unique_rings, minivault_11, uniq_grunn, uniq_josephina
Depths:3: minmay_cut_squares, layout_basic, abyss_entry, lightli_too_deep,
          infiniplex_staircase_zigzag_5, serial_bayou_shore_b, minmay_shop_star
Depths:4: grunt_runaround [grunt_runaround_doors_1, grunt_runaround_doors_2,
          grunt_runaround_doors_3, grunt_runaround_doors_4,
          grunt_runaround_zot], abyss_entry, pan_entry, hell_entry, uniq_jory
Zig:9:    ziggurat_pillar_abc, ziggurat_pillar_abc, ziggurat_pillar_abc,
          ziggurat_pillar_abc

Skill      XL: |  1  2  3  4  5  6  7  8  9 10 11 12 13 14 15 16 17 18 19 20 21 22 23 24 |
---------------+-------------------------------------------------------------------------+-----
Dodging        | 2 3 4 5 7 8 9 10 11 12 13 14 15 16 18 19 | 19.0
Fighting       | 1 2 3 4 5 7 8 9 10 11 12 13 14 15 16 | 16.4
Spellcasting   | 3 4 5 7 8 9 10 11 13 14 15 | 15.8
Polearms       | 1 2 3 4 5 6 7 10 11 12 14 | 14.0
Summonings     | 5 6 7 8 9 10 11 12 13 15 16 17 18 19 | 19.0
Hexes          | 1 2 3 5 |  5.0
Air Magic      | 1 2 4 5 6 7 9 10 11 12 | 12.1
Shields        | 3 5 8 |  8.0
Evocations     | 1 |  1.3
Translocations | 3 5 7 9 11 | 11.2
Transmutations | 5 7 9 10 11 12 | 12.4
Earth Magic    | 5 7 8 10 | 10.0
Armour         | 3 5 8 10 | 10.0
Unarmed Combat | 4 7 9 |  9.7
Stealth        | |  1.7

Action                   |  1- 3 |  4- 6 |  7- 9 | 10-12 | 13-15 | 16-18 | 19-21 | 22-24 | 25-27 || total
-------------------------+-------+-------+-------+-------+-------+-------+-------+-------+-------++-------
Melee: Unarmed           |     6 |       |       |       |       |       |       |   452 |    81 ||   539
       Trident           |    19 |    45 |   118 |   121 |   347 |   126 |       |       |       ||   776
       Dagger            |     4 |       |       |       |       |       |       |       |       ||     4
       Headbutt          |       |     2 |    21 |    19 |    81 |   123 |   208 |   128 |       ||   582
       Punch             |       |     1 |     1 |       |       |       |       |     9 |       ||    11
       Glaive            |       |       |    45 |       |       |       |       |       |       ||    45
       Demon trident     |       |       |       |       |       |   449 |   693 |   383 |       ||  1525
 Cast: Summon Small Mamm |    31 |    10 |    33 |    12 |     3 |     4 |       |       |       ||    93
       Call Imp          |    16 |    12 |    33 |    26 |    44 |    26 |       |       |       ||   157
       Call Canine Famil |     2 |    18 |    48 |    75 |   161 |   192 |   122 |     7 |       ||   625
       Summon Guardian G |       |       |    15 |    34 |    95 |   109 |   131 |     1 |       ||   385
       Summon Lightning  |       |       |     5 |    91 |   180 |   242 |   225 |   141 |       ||   884
       Blink             |       |       |       |       |     6 |     8 |     4 |    11 |     6 ||    35
       Tukima's Dance    |       |       |       |       |     1 |       |       |       |       ||     1
       Summon Mana Viper |       |       |       |       |       |   150 |    93 |    49 |       ||   292
       Summon Hydra      |       |       |       |       |       |    93 |   301 |   248 |     1 ||   643
       Statue Form       |       |       |       |       |       |     9 |    92 |    31 |       ||   132
       Monstrous Menager |       |       |       |       |       |       |       |    82 |       ||    82
       Storm Form        |       |       |       |       |       |       |       |    43 |     1 ||    44
       Malign Gateway    |       |       |       |       |       |       |       |    28 |     3 ||    31
       Manifold Assault  |       |       |       |       |       |       |       |   242 |    40 ||   282
       Wereblood         |       |       |       |       |       |       |       |    23 |     2 ||    25
Invok: Call Merchant     |       |       |       |     2 |     3 |     1 |     2 |     1 |       ||     9
 Abil: Blinkbolt         |       |       |       |       |       |       |       |     2 |       ||     2
Evoke: Wand              |       |       |       |     3 |       |     1 |       |       |       ||     4
       Lightning rod     |       |       |       |       |       |       |     4 |       |       ||     4
       Phial of floods   |       |       |       |       |       |       |     1 |     1 |       ||     2
       Tin of tremorston |       |       |       |       |       |       |     1 |       |       ||     1
  Use: Scroll            |       |    10 |     6 |    16 |     5 |    13 |     9 |    17 |     2 ||    78
       Potion            |       |       |     1 |       |     1 |     6 |     5 |    11 |     7 ||    31
 Stab: Sleeping          |       |     1 |     1 |     1 |       |     1 |     1 |       |       ||     5
       Distracted        |       |       |     3 |     5 |    13 |    38 |    30 |    29 |       ||   118
       Invisible         |       |       |       |       |       |     2 |       |       |       ||     2
Armor: Robe              |     5 |     2 |       |     1 |    92 |   116 |   202 |    93 |       ||   511
       Animal skin       |       |    10 |    52 |    25 |       |       |       |       |       ||    87
       Skin              |       |       |       |       |       |   118 |   297 |   151 |    14 ||   580
Dodge: Dodged            |    22 |    17 |   159 |   127 |   294 |   804 |  1163 |  1072 |    73 ||  3731
Block: Buckler           |       |       |       |    19 |   106 |   358 |   585 |   229 |       ||  1297

Table legend: (Time is in decaauts)
 A = Elapsed time spent in this place.
 B = Non-inter-level travel time spent in this place.
 C = Inter-level travel time spent in this place.
 D = Time resting spent in this place.
 E = Time spent auto-exploring this place.
 F = Levels seen in this place.
 G = Mean time per level.
                   A        B        C        D        E       F      G
               +--------+--------+--------+--------+--------+-----+--------+
         Total |  89182 |  83024 |   6158 |  22536 |  39621 |  58 | 1537.6 |
       Dungeon |  23259 |  21110 |   2149 |   5188 |  11319 |  15 | 1550.6 |
        Temple |     59 |     36 |     23 |      0 |     34 |   1 |   59.0 |
          Lair |   9240 |   8175 |   1065 |   1564 |   4870 |   5 | 1848.0 |
        Shoals |   6480 |   6189 |    291 |   1046 |   3635 |   4 | 1620.0 |
   Spider Nest |   6726 |   6488 |    238 |   2006 |   3047 |   4 | 1681.5 |
  Orcish Mines |   1752 |   1456 |    296 |      0 |    967 |   2 |  876.0 |
   Elven Halls |  10028 |   9805 |    223 |   4445 |   3211 |   3 | 3342.7 |
        Vaults |  14439 |  13186 |   1253 |   2995 |   6269 |   5 | 2887.8 |
         Crypt |   4527 |   4262 |    265 |   1209 |   1907 |   3 | 1509.0 |
          Tomb |    737 |    737 |      0 |    106 |    178 |   1 |  737.0 |
        Depths |   9203 |   8851 |    352 |   2724 |   3636 |   4 | 2300.8 |
      Ziggurat |    367 |    367 |      0 |     52 |      0 |   9 |   40.8 |
       Volcano |   1719 |   1719 |      0 |    976 |    373 |   1 | 1719.0 |
      Gauntlet |    639 |    639 |      0 |    222 |    171 |   1 |  639.0 |
               +--------+--------+--------+--------+--------+-----+--------+

Top non-repeatable levels by time:
Depths:1: 5144 daAuts
   Elf:2: 4376 daAuts
Vaults:4: 4208 daAuts
Vaults:2: 3441 daAuts
    D:15: 3090 daAuts
   Elf:1: 2942 daAuts
Vaults:3: 2927 daAuts
Shoals:4: 2832 daAuts
Depths:2: 2727 daAuts
   Elf:3: 2709 daAuts
Vaults:1: 2543 daAuts
     D:8: 2540 daAuts
    D:14: 2540 daAuts
Spider:2: 2349 daAuts
  Lair:3: 2266 daAuts
